Map: Neon Violet Square LE

Players

FoolMagicain

  • Race: Terran Terran
  • Spawn Location: 11:00

CinDra - Winner!

  • Race: Zerg Zerg
  • League: Gold
  • Spawn Location: 5:00

VOD

Have the link to the VOD?

Description

Time

  • Played on: March 19, 2018, 10:48 p.m.
  • Length: 17:39
Show
View Real Time Build Order
Export as new Build Order

FoolMagicain Terran 

Build Orders: Mech 

Get SALT Encoding   

  12  0:03  SCV  
  13  0:15  SCV  
  14  0:24  Supply Depot  
  14  0:28  SCV  
  15  0:45  SCV  
  15  0:47  Barracks  
  16  0:57  Supply Depot, SCV  
  17  1:07  Refinery  
  17  1:09  SCV  
  18  1:21  SCV  
  19  1:49  Command Center  
  19  1:54  Barracks  
  19  1:55  Orbital Command  
  19  2:02  Marine  
  20  2:20  SCV  
  21  2:27  Barracks Tech Lab  
  21  2:40  SCV  
  22  2:47  Refinery  
  22  2:52  SCV  
  23  3:01  Factory  
  23  3:02  Barracks Tech Lab  
  23  3:12  SCV  
  24  3:17  Barracks Reactor  
  24  3:30  Command Center  
  24  3:35  Orbital Command  
  24  3:39  SCV  
  25  3:48  Siege Tank  
  28  3:49  Marine  
  28  3:51  SCV  
  30  3:56  Factory  
  30  4:03  SCV  
  30  4:07  Marine  
  31  4:31  Marine x3  
  31  4:34  Siege Tank  
  37  4:42  Orbital Command  
  37  4:44  Orbital Command  
  37  4:45  Factory  
  37  4:46  Factory Reactor  
  37  5:14  Orbital Command  
  37  5:17  SCV  
  38  5:26  Hellion x2  
  42  5:30  SCV  
  43  5:42  SCV  
  44  5:49  Factory Tech Lab  
  44  5:53  Armory  
  44  5:58  SCV  
  46  6:04  SCV, Refinery  
  46  6:05  SCV  
  46  6:08  Siege Tank  
  46  6:10  Hellion x3, SCV, Refinery  
  57  6:16  SCV  
  57  6:17  SCV  
  59  6:21  Infernal Pre-Igniter  
  59  6:22  SCV  
  60  6:28  SCV  
  61  6:41  Supply Depot  
  61  6:42  Terran Vehicle Weapons Level 1  
  61  6:52  Hellion x2, SCV x2  
  67  6:56  Refinery  
  67  7:03  Supply Depot  
  67  7:04  SCV  
  68  7:17  Armory  
  68  7:25  Supply Depot  
  68  7:32  Starport  
  66  7:49  Supply Depot  
  66  8:04  Rapid Fire Launchers  
  66  8:06  Terran Vehicle And Ship Armor Level 1  
  66  8:10  SCV  
  66  8:11  SCV x2  
  69  8:22  SCV, Thor x2  
  69  8:23  SCV  
  69  8:24  SCV  
  69  8:27  Hellion x2  
  88  8:33  Viking  
  90  8:46  Terran Vehicle Weapons Level 2  
  90  8:48  Hellion x2  
  90  9:03  Viking  
  90  9:05  Thor  
  90  9:07  Hellion  
  90  9:09  Hellion x2  
  102  9:18  Refinery  
  102  9:20  SCV  
  102  9:21  SCV  
  102  9:22  SCV  
  105  9:32  SCV  
  105  9:33  SCV  
  105  9:34  SCV  
  108  9:45  Starport Tech Lab  
  108  9:56  Command Center, Thor  
  114  10:03  Terran Vehicle And Ship Armor Level 2, Supply Depot  
  114  10:19  Engineering Bay  
  114  10:20  Viking  
  110  10:27  Supply Depot  
  110  10:35  Thor  
  116  10:39  Thor  
  120  10:50  Viking, Supply Depot  
  120  11:09  Missile Turret  
  119  11:13  Supply Depot  
  119  11:18  Thor  
  125  11:19  Hellbat x2  
  129  11:28  Thor  
  129  11:31  Missile Turret  
  135  11:36  Supply Depot, SCV  
  136  11:48  SCV  
  136  11:54  Missile Turret  
  137  11:58  Supply Depot  
  137  12:02  Thor  
  137  12:05  Hellbat x2  
  137  12:08  Terran Vehicle Weapons Level 3  
  147  12:11  Thor  
  153  12:17  Missile Turret  
  153  12:19  Terran Vehicle And Ship Armor Level 3  
  153  12:27  Command Center  
  153  12:30  SCV  
  154  12:38  Hellbat x2  
  154  12:42  SCV  
  159  12:47  Missile Turret  
  159  12:55  Factory  
  159  12:57  Thor x2  
  171  13:05  Supply Depot  
  171  13:13  Missile Turret  
  171  13:28  Supply Depot  
  171  13:29  Fusion Core  
  171  13:40  Factory  
  160  13:50  Supply Depot  
  95  14:15  Thor x2  
  101  14:18  Hellbat x2  
  105  14:29  Factory Tech Lab x2  
  105  14:39  Hellbat x2  
  109  14:50  Terran Ship Weapons Level 1  
  109  14:57  Thor x2  
  109  14:58  Thor x2  
  131  15:40  Thor  
  137  15:46  Thor  
  149  15:57  Battlecruiser  
  149  16:01  Starport, Weapon Refit  
  65  16:55  Thor x3  
Show
View Real Time Build Order
Export as new Build Order

CinDra Zerg - Winner!

Build Orders: Hatch First 

Get SALT Encoding   

  12  0:01  Drone  
  13  0:13  Overlord  
  13  0:18  Drone  
  14  0:31  Drone x2  
  14  0:35  Drone  
  17  0:52  Hatchery  
  17  0:56  Drone  
  17  1:01  Drone  
  18  1:11  Extractor  
  17  1:15  Spawning Pool  
  17  1:18  Drone  
  17  1:21  Drone  
  18  1:28  Drone  
  19  1:39  Overlord  
  19  1:50  Drone  
  20  2:04  Queen  
  20  2:05  Zergling x2  
  20  2:06  Queen  
  20  2:07  Zergling x2  
  26  2:16  Metabolic Boost  
  26  2:23  Drone x3  
  29  2:31  Zergling x2  
  29  2:36  Zergling x2  
  31  2:47  Queen  
  33  2:54  Zergling x2  
  33  2:55  Zergling x4  
  33  2:56  Overlord  
  36  3:07  Hatchery  
  35  3:13  Overlord  
  35  3:31  Drone x4  
  35  3:32  Drone x3  
  42  3:48  Drone x5  
  43  3:54  Roach Warren  
  46  3:57  Drone  
  47  4:28  Drone x8  
  47  4:30  Queen  
  47  4:31  Overlord  
  57  4:32  Overlord  
  57  4:33  Drone  
  57  4:37  Pneumatized Carapace  
  58  4:43  Extractor  
  58  4:44  Drone  
  58  4:59  Extractor  
  57  5:00  Extractor  
  54  5:36  Roach x3  
  54  5:37  Roach x7  
  54  5:40  Overlord x8  
  54  5:41  Overlord x3  
  74  5:49  Evolution Chamber  
  73  5:50  Evolution Chamber  
  73  5:52  Lair  
  72  5:57  Drone  
  72  5:58  Drone x4  
  77  6:20  Drone x2  
  77  6:23  Drone x4  
  83  6:30  Drone x2  
  85  6:33  Drone  
  85  6:36  Roach x7  
  100  6:41  Zerg Missile Weapons Level 1  
  100  6:44  Zerg Ground Armor Level 1  
  100  6:57  Hatchery  
  99  7:08  Drone  
  99  7:09  Drone x8  
  108  7:18  Spire  
  107  7:27  Drone x9  
  107  7:28  Extractor  
  115  7:31  Extractor  
  114  7:37  Glial Reconstitution  
  109  8:01  Overlord  
  109  8:29  Mutalisk  
  109  8:30  Mutalisk x8  
  127  8:36  Roach  
  127  8:37  Roach  
  127  8:38  Roach x5  
  141  8:54  Overseer x5  
  141  9:04  Extractor  
  141  9:06  Roach x6  
  141  9:07  Roach x2, Extractor  
  155  9:17  Overseer  
  155  9:19  Zerg Missile Weapons Level 2  
  155  9:27  Drone x2  
  155  9:28  Drone x5  
  162  9:38  Zerg Flyer Weapons Level 1  
  162  9:40  Zerg Ground Armor Level 2  
  162  10:42  Hatchery  
  161  10:55  Mutalisk x7  
  175  11:03  Overlord x13  
  175  11:04  Overlord x5  
  175  11:52  Roach  
  175  11:53  Roach x11  
  189  12:00  Infestation Pit, Drone  
  189  12:04  Zerg Melee Weapons Level 1  
  189  12:06  Zerg Flyer Armor Level 1  
  189  12:18  Roach x5  
  199  13:08  Hive  
  187  13:53  Roach x10  
  187  13:54  Roach x15  
  187  13:55  Roach  
  175  14:10  Roach  
  175  14:11  Roach x13  
  199  14:21  Zerg Missile Weapons Level 3, Zerg Ground Armor Level 3  
  199  14:24  Greater Spire  
  199  15:22  Hydralisk Den  
  196  15:54  Corruptor x2  
  200  16:07  Grooved Spines  
  200  16:24  Corruptor  
  200  16:25  Corruptor x12  
  196  16:30  Hydralisk  
  196  16:31  Hydralisk x8  
  152  16:55  Hydralisk x17  
  152  16:56  Hydralisk x7  
Tags
 
Composition
Mech
League
Gold
Matchup
TvZ
Spawn Locations
Cross Positions
Add a new tag
Caveats
  • Supply blocks, unpowered buildings, or Contaminate may cause inaccurate times.
  • Supply counts are checked every 10 seconds.